 Dungeon Crawl Stone Soup version 0.26-a0-812-g31a745ddcd (webtiles) character file.

Game seed: 13371697845000285162

89 Edwards80 the Cudgeller (level 4, -3/60 HPs)
             Began as a Minotaur Berserker on Nov 17, 2020.
             Was a Believer of Trog.
             Killed by nerve-wracking pain
             ... invoked by Grinder
              (6 damage)
             ... on level 3 of the Dungeon.
             The game lasted 00:05:05 (1256 turns).

Edwards80 the Cudgeller (Minotaur Berserker)        Turns: 1256, Time: 00:05:06

Health: -3/60      AC: 11    Str: 22    XL:     4   Next: 31%
Magic:  3/3        EV:  7    Int: 10    God:    Trog [**....]
Gold:   145        SH:  0    Dex: 10    Spells: 3/3 levels left

rFire    . . .     SeeInvis .   r - +0 club (spect)
rCold    . . .     Faith    .   (no shield)
rNeg     . . .     Spirit   .   e - +0 plate armour
rPois    .         Reflect  .   (helmet restricted)
rElec    .         Harm     .   (no cloak)
rCorr    .         Rampage  .   (no gloves)
MR       .....                  (no boots)
Stlth    ..........             k - amulet of magic regeneration
HPRegen  0.20/turn              c - +6 ring of intelligence
MPRegen  0.33/turn              (no ring)

@: berserking (expiring), very quick
A: retaliatory headbutt, horns 2
a: Berserk, Trog's Hand, Renounce Religion


You were on level 3 of the Dungeon.
You worshipped Trog.
Trog was pleased with you.
You visited 1 branch of the dungeon, and saw 3 of its levels.

You collected 145 gold pieces.

Inventory:

Hand Weapons
 a - a +0 mace
 r - a +0 spectral club (weapon)
Armour
 e - a +0 plate armour (worn)
Jewellery
 c - a +6 ring of intelligence (left hand)
 k - an amulet of magic regeneration (around neck)
 l - an uncursed ring of poison resistance {unknown}
Scrolls
 b - a scroll of amnesia {unknown}
 d - 4 scrolls of identify
 f - 2 scrolls of remove curse {unknown}
 g - 2 scrolls of enchant armour {unknown}
 i - a scroll of blinking {unknown}
 n - a scroll of noise {unknown}
 q - 2 scrolls of teleportation {unknown}
Potions
 h - a potion of berserk rage {unknown}
 j - a potion of curing
 m - a potion of invisibility {unknown}
 o - a potion of heal wounds {unknown}
 p - a potion of flight {unknown}


   Skills:
 - Level 3.6 Fighting
 + Level 6.2 Maces & Flails
 - Level 2.4 Armour
 - Level 2.2 Dodging


You had 3 spell levels left.
You didn't know any spells.
Your spell library was empty.

Dungeon Overview and Level Annotations

Branches:
Dungeon (3/15)

Altars:

Annotations:
D:3 Grinder


Innate Abilities, Weirdness & Mutations

You reflexively headbutt those who attack you in melee.
You have a pair of horns on your head.


Message History

You sock the leopard gecko!
You kill the leopard gecko!
Trog accepts your kill. Grinder gestures at you.
You resist with significant effort.
You see here a ball python corpse.
You feel a strong urge to attack something.
You barely miss Grinder. Your headbutt misses Grinder.
Grinder is moderately wounded.
Grinder barely misses you.
You sock Grinder!
Grinder is severely wounded.
Grinder hits you but does no damage.
You sock Grinder!
Grinder is almost dead.
You barely miss Grinder.
Grinder is almost dead.
Grinder gestures at you. Pain shoots through your body!
You die...

#.#.####### #....#
#.##......# #....# .
#.##...##.# #....# ..
#(##...##.# ....# ...
#......##.# #..# ...#
####...##.####..##....#
#...##..............
###########..##...
#5@.# #†#.# #.#...
#.##..# #.# ..# $.. .>.
#..###### #... #...


You could see Grinder.

Vanquished Creatures
  Ijyb (D:3)
  An adder (D:3)
  2 oozes
  A worm (D:2)
  3 leopard geckos
  3 bats
  3 goblins
  3 hobgoblins
  8 jackals (D:2)
  5 kobolds
  A quokka (D:2)
  A ball python (D:3)
  5 frilled lizards
  2 rats (D:1)
39 creatures vanquished.

Notes
Turn   | Place    | Note
-------+----------+-------------------------------------------
     0 | D:1      | Edwards80 the Minotaur Berserker began the quest for the
                  | Orb.
     0 | D:1      | Reached XP level 1. HP: 19/19 MP: 0/0
   123 | D:1      | Reached skill level 4 in Maces & Flails
   279 | D:1      | Reached XP level 2. HP: 27/27 MP: 1/1
   651 | D:2      | Reached skill level 5 in Maces & Flails
   663 | D:2      | Reached XP level 3. HP: 24/33 MP: 2/2
   836 | D:2      | Reached ** piety under Trog
  1116 | D:3      | Noticed Ijyb
  1152 | D:3      | Killed Ijyb
  1152 | D:3      | Reached skill level 6 in Maces & Flails
  1152 | D:3      | Reached XP level 4. HP: 37/40 MP: 3/3
  1227 | D:3      | Noticed Grinder
  1248 | D:3      | HP: 2/60 [leopard gecko (3)]
  1256 | D:3      | Killed from afar by Grinder

Illustrated notes

Levels and vault maps discovered:
D:1:      co_arrival_square_in_a_square_in_a_square, layout_loops_cross
D:2:      layout_rooms, mrwooster_statue_mirror
D:3:      layout_basic, chequers_ecumenical_altar_lobes, dk_noncrumbling_2,
          nicolae_ru_great_annihilating_truth, uniq_grinder, uniq_ijyb,
          uniq_natasha

Skill      XL: |  1  2  3 |
---------------+----------+-----
Maces & Flails | 4 5 6 |  6.2
Fighting       | |  3.6
Armour         | |  2.4
Dodging        | |  2.2

Action                   |  1- 3 |  4- 6 || total
-------------------------+-------+-------++-------
Melee: Mace              |    98 |       ||    98
       Headbutt          |    16 |     1 ||    17
       Unarmed           |    16 |       ||    16
       Club              |       |    20 ||    20
Invok: Berserk           |       |     1 ||     1
  Use: Scroll            |     2 |       ||     2
       Potion            |       |     1 ||     1
Armor: Plate armour      |    96 |    11 ||   107
       Animal skin       |     1 |       ||     1
Dodge: Dodged            |    59 |     8 ||    67

Table legend: (Time is in decaauts)
 A = Elapsed time spent in this place.
 B = Non-inter-level travel time spent in this place.
 C = Inter-level travel time spent in this place.
 D = Time resting spent in this place.
 E = Time spent auto-exploring this place.
 F = Levels seen in this place.
 G = Mean time per level.
                   A        B        C        D        E       F      G
               +--------+--------+--------+--------+--------+-----+--------+
         Total |   1264 |   1209 |     55 |      0 |    760 |   3 |  421.3 |
       Dungeon |   1264 |   1209 |     55 |      0 |    760 |   3 |  421.3 |
               +--------+--------+--------+--------+--------+-----+--------+

Top non-repeatable levels by time:
     D:1: 562 daAuts
     D:2: 550 daAuts
     D:3: 151 daAuts
